 Dungeon Crawl Stone Soup version 0.24.0-125-gc4c63601f3 (webtiles) character file.

Game seed: 304539713202014527, levelgen mode: deterministic

776 BuffBuff the Ruffian (level 7, 0/36 HPs)
             Began as a Vine Stalker Fighter on Mar 12, 2020.
             Slain by a steam dragon (5 damage)
             ... on level 4 of the Dungeon.
             The game lasted 00:22:40 (4185 turns).

BuffBuff the Ruffian (Vine Stalker Fighter)         Turns: 4185, Time: 00:22:40

Health: 0/36       AC: 10    Str: 20    XL:     7   Next: 84%
Magic:  0/8        EV:  7    Int:  8    God:
Gold:   222        SH: 10    Dex: 14    Spells: 6/6 levels left

rFire    + . .     SeeInvis .     - Unarmed
rCold    . . .     Gourm    .   b - +0 shield
rNeg     . . .     Faith    .   a - +0 scale mail
rPois    .         Spirit   +   (no helmet)
rElec    .         Reflect  .   o - +2 cloak
rCorr    .         Harm     .   (no gloves)
MR       .....                  (no boots)
Stlth    ..........             (no amulet)
HPRegen  0.52/turn              k - ring of protection from fire
MPRegen  0.11/turn              (no ring)

@: no status effects
A: fangs 2, regeneration 1, magic shield, antimagic bite, no potion heal 3, rot
immunity
a: no special abilities


You were on level 4 of the Dungeon.
You were not hungry.

You visited 1 branch of the dungeon, and saw 5 of its levels.

You collected 222 gold pieces.

Inventory:

Armour
 a - a +0 scale mail (worn)
 b - a +0 shield (worn)
 o - a +2 cloak (worn)
Jewellery
 k - a ring of protection from fire (left hand)
Scrolls
 j - a scroll of enchant armour
 m - 2 scrolls of remove curse
Potions
 c - 2 potions of might
 e - a potion of agility
 f - 4 potions of curing
 l - a potion of invisibility
 q - a potion of magic {unknown}
 s - a potion of flight {unknown}
 v - a potion of brilliance {unknown}
 x - a potion of heal wounds {unknown}
Comestibles
 d - 6 rations
 g - 5 chunks of flesh


   Skills:
 + Level 3.1 Fighting
 + Level 3.9 Armour
 - Level 0.1 Dodging
 + Level 0.3 Stealth
 + Level 4.1 Shields
 * Level 6.7 Unarmed Combat


You had 6 spell levels left.
You didn't know any spells.
Your spell library was empty.

Dungeon Overview and Level Annotations

Branches:
Dungeon (5/15)
 Temple: D:4-7

Altars:
Ashenzari
Cheibriados
Dithmenos
Okawaru
Ru
Uskayaw
Xom


Innate Abilities, Weirdness & Mutations

You have extremely sharp teeth.
Your natural rate of healing is unusually fast.
When hurt, damage is shared between your health and your magic reserves.
Your bite disrupts and absorbs the magic of your enemies.
Potions cannot restore your health.
You are immune to rotting.


Message History

* * * LOW HITPOINT WARNING * * *
You hit the steam dragon.
The steam dragon is severely wounded.
The steam dragon bites you.
* * * LOW HITPOINT WARNING * * *
The steam dragon claws you but does no damage.
You closely miss the steam dragon. Your bite misses the steam dragon.
The steam dragon is severely wounded.
The steam dragon barely misses you.
The steam dragon claws you but does no damage.
You closely miss the steam dragon.
You bite the steam dragon, but do no damage.
The steam dragon is severely wounded.
You block the steam dragon's attack.
The steam dragon claws you but does no damage.
You hit the steam dragon but do no damage.
Your bite misses the steam dragon.
The steam dragon is severely wounded.
The steam dragon bites you.
You die...

#.##..........# #..###
#.##......##..# #..##.
#.##...(......# #..###
#.##.###...#.####.##.#
#...## ##..........#.#
####.###...#####.#....
#..#.#.............
#.#D###.#####.##..#
#.@..##># #.##...
#.......#####.##..#
##...#............#
##.###.............#
##.## ##..8.......8..
#.## ##...........#
#.# #.8......)8.. #.##
##.....)...... ##.##
##..8..._...8.#


You could see a steam dragon.

Vanquished Creatures
  A phantom (D:5)
  2 ogres
  A scorpion (D:4)
  A howler monkey (D:4)
  A crimson imp (D:5)
  A hound (D:4)
  2 orc priests (D:3)
  Crazy Yiuf (D:2)
  Jessica (D:2)
  An iguana (D:4)
  3 worker ants
  6 adders
  2 shadow imps (D:5)
  An adder skeleton (D:5)
  A worm (D:2)
  2 dart slugs
  4 leopard geckos
  7 orcs (D:3)
  6 bats
  3 giant cockroaches
  3 hobgoblins
  6 jackals
  3 kobolds (D:3)
  4 quokkas
  2 ball pythons
  6 frilled lizards
  11 goblins
  4 rats
86 creatures vanquished.

Vanquished Creatures (others)
  A leopard gecko (D:5)
1 creature vanquished.

Grand Total: 87 creatures vanquished

Notes
Turn   | Place    | Note
-------+----------+-------------------------------------------
     0 | D:1      | BuffBuff the Vine Stalker Fighter began the quest for the
                  | Orb.
     0 | D:1      | Reached XP level 1. HP: 11/11 MP: 2/2
   167 | D:1      | Reached XP level 2. HP: 11/16 MP: 1/3
   989 | D:2      | Found a shattered altar of Ashenzari.
  1000 | D:2      | Reached XP level 3. HP: 19/19 MP: 2/4
  1281 | D:2      | Found a sacrificial altar of Ru.
  1425 | D:2      | Found a shimmering altar of Xom.
  1477 | D:2      | Found a runed translucent door.
  1478 | D:2      | Noticed Crazy Yiuf
  1713 | D:2      | Noticed Jessica
  1722 | D:2      | Killed Jessica
  1722 | D:2      | Reached skill level 3 in Unarmed Combat
  1722 | D:2      | Gained mutation: Your natural rate of healing is unusually
                  | fast. [Vine Stalker growth]
  1722 | D:2      | Reached XP level 4. HP: 17/24 MP: 5/5
  2312 | D:2      | Killed Crazy Yiuf
  2312 | D:2      | Reached XP level 5. HP: 13/28 MP: 3/6
  2636 | D:3      | Reached skill level 4 in Unarmed Combat
  2885 | D:3      | Found a shadowy altar of Dithmenos.
  2920 | D:3      | Found a shadowy altar of Dithmenos.
  3021 | D:3      | Reached XP level 6. HP: 17/32 MP: 4/7
  3199 | D:3      | Found a snail-covered altar of Cheibriados.
  3343 | D:4      | Reached skill level 5 in Unarmed Combat
  3476 | D:4      | Reached XP level 7. HP: 18/36 MP: 4/8
  3528 | D:4      | Found an iron altar of Okawaru.
  3664 | D:4      | Found a hide-covered altar of Uskayaw.
  3901 | D:4      | Reached skill level 6 in Unarmed Combat
  4030 | D:5      | Entered Level 5 of the Dungeon
  4155 | D:5      | Noticed a steam dragon
  4185 | D:4      | Slain by a steam dragon

Levels and vault maps discovered:
D:1:      minmay_arrival_five_plusses, layout_basic
D:2:      minmay_door_path, layout_loops_ring, lemuel_coloured_pillars_altar,
          xom_teletrap_fun, lemuel_round_altar, patterned_corridor,
          uniq_crazy_yiuf_cottage, uniq_jessica
D:3:      layout_loops_ring, cheibriados_altar_1, marbit_many_paths,
          nicolae_dithmenos_through_a_glass_darkly
D:4:      layout_loops_ring, lemuel_crystal_altar,
          eat_drink_and_be_merry_uskayaw, first_ration,
          chequers_serial_rivers_small_a, hangedman_decor_peaks_small,
          minmay_between
D:5:      gammafunk_wand_slinger, layout_basic, nemelex_altar_shiori,
          minmay_temple_entry_wispy, minmay_manual_macuahuitl

Skill      XL: |  1  2  3  4  5  6  7 |
---------------+----------------------+-----
Shields        | 3 4 |  4.1
Fighting       | 3 |  3.1
Armour         | 3 |  3.9
Unarmed Combat | 3 4 5 6 |  6.7
Dodging        | |  0.1
Stealth        | |  0.3

Action                   |  1- 3 |  4- 6 |  7- 9 || total
-------------------------+-------+-------+-------++-------
Melee: Unarmed           |   136 |   177 |    77 ||   390
       Bite              |    38 |    61 |    23 ||   122
  Use: Scroll            |       |       |    12 ||    12
  Eat: Chunk             |     3 |     2 |     2 ||     7
       Ration            |       |     1 |       ||     1
Armor: Scale mail        |    34 |    53 |    23 ||   110
Dodge: Dodged            |    38 |    34 |    21 ||    93
Block: Shield            |    56 |    86 |    26 ||   168
